 Dungeon Crawl Stone Soup version 0.32-a0-401-g0bcb2a7693 (webtiles) character file.

Game seed: 3660407144909158897

2067 Asfel the Chopper (level 9, -6/103 HPs)
             Began as a Demonspawn Berserker on Feb 20, 2024.
             Was a Believer of Trog.
             Mangled by a boulder beetle (12 damage)
             ... on level 7 of the Dungeon.
             The game lasted 00:23:57 (5255 turns).

Asfel the Chopper (Demonspawn Berserker)            Turns: 5255, Time: 00:23:57

Health: -6/103     AC: 24    Str: 19 (22) XL:     9   Next: 5%
Magic:  0/9        EV:  2    Int:  5 (8)  God:    Trog [**....]
Gold:   491        SH:  0    Dex:  9 (12) Spells: 8/8 levels left

rFire   + . .        a - +0 hand axe (flame)
rCold   x . .        v - orb {light}
rNeg    . . .        q - melded +3 plate armour {rN+}
rPois   +            (helmet currently unavailable)
rElec   .            w - melded scarf {+Inv}
rCorr   .            G - melded +0 pair of gloves
SInv    +            y - melded +0 pair of boots
Will    ++...        (no amulet)
Stlth   +            k - ring of fire
HPRegen 1.37/turn    (no ring)
MPRegen 0.22/turn

%: random rage (3%), guardian spirit
@: tree-form, strong-willed, on berserk cooldown, attractive, regenerating,
hasted and slowed, glowing, invisible (but backlit and visible)
A: stationary, stasis, torment immunity, boosted hp, (hooves 1), (horns 2),
powered by death 1, magic shield, magic regeneration, (demonic touch 1), see
invisible, berserk 1, wild magic 1, MP-powered wands
a: Renounce Religion, Berserk, Trog's Hand


You were on level 7 of the Dungeon.
You worshipped Trog.
Trog was pleased with you.
You were a tree.
You visited 2 branches of the dungeon, and saw 7 of its levels.
You also visited: Ossuary.

You collected 491 gold pieces.

Inventory:

Hand Weapons
 a - a +0 hand axe of flaming (weapon)
 l - a +0 halberd
 m - a +0 dagger of draining
Armour
 b - a +0 animal skin
 c - a +0 plate armour
 j - a +0 helmet
 n - a +0 scale mail
 o - an orb of light
 q - a +3 plate armour of positive energy (melded)
 v - an orb of light (worn)
 w - a scarf of invisibility (melded)
 y - a +0 pair of boots (melded)
 G - a +0 pair of gloves (melded)
Jewellery
 k - a ring of fire (left branch)
 p - a +6 ring of dexterity
Wands
 F - a wand of light (15)
 J - a wand of flame (3)
Scrolls
 s - a scroll of vulnerability
 x - a scroll of enchant weapon
 C - 3 scrolls of poison
 D - a scroll of blinking {unknown}
 H - a scroll of torment
 I - a scroll of identify
 K - a scroll of summoning {unknown}
Potions
 d - 2 potions of enlightenment
 e - 2 potions of might
 f - a potion of heal wounds {unknown}
 g - a potion of degeneration
 h - 2 potions of brilliance {unknown}
 i - 9 potions of curing
 r - a potion of cancellation
 t - a potion of ambrosia
 z - a potion of attraction
 E - a potion of magic


   Skills:
 + Level 5.7 Fighting
 + Level 7.8(8.0) Axes
 + Level 2.6(5.6) Polearms
 + Level 6.0 Armour
 + Level 2.3 Dodging
 + Level 0.1 Stealth


You had 8 spell levels left.
You didn't know any spells.
Your spell library contained the following spells:

 Spells                   Type           Power      Damage    Failure   Level
 Ignite Poison            Fire/Alch      0%         N/A       99%         4
 Sticky Flame             Fire/Alch      0%         2d4       99%         4
 Haunt                    Necr/Summ      0%         N/A       100%        7
 Borgnjor's Revivificati  Necr           0%         N/A       100%        8
 Ignition                 Fire           0%         3d3       100%        8
 Death's Door             Necr           0%         N/A       100%        9


Dungeon Overview and Level Annotations

Branches:
Dungeon (7/15)             Temple (1/1) D:5         Ossuary (visited)

Altars:
Ashenzari
Dithmenos
Fedhas
Gozag
Hepliaklqana
Kikubaaqudgha
Makhleb
Nemelex Xobeh
Okawaru
Qazlal
Ru
Sif Muna
Uskayaw
Vehumet
Wu Jian
Yredelemnul

Shops:
D:5 *


Innate Abilities, Weirdness & Mutations

You are a tree.
Your roots penetrate the ground, keeping you stationary.
You cannot be teleported.
You are immune to unholy pain and torment.
Your maximum health is greatly increased.
Your equipment is partially melded.
((You have large cloven feet.))
((You have a pair of horns on your head.))
You regenerate a little health from kills.
When hurt, damage is shared between your health and your magic reserves.
You regenerate magic rapidly.
((Your touch may inflict minor irresistible damage on your foes.))
You have supernaturally acute eyesight. (SInv)
You sometimes lose your temper in combat.
Your spells are a little harder to cast, but a little more powerful.
You expend magic power (3 MP) to strengthen your wands.


Message History

* * * LOW HITPOINT WARNING * * *
It was a potion of lignification.
You turn into a tree.
Your scarf of invisibility melds into your body.
Your +0 pair of gloves melds into your body.
Your +0 pair of boots melds into your body.
Your +3 plate armour of positive energy melds into your body.
You feel less protected from negative energy.
Your roots penetrate the ground.
The boulder beetle bites you!
* * * LOW HITPOINT WARNING * * *
Aiming: Throw Flame
Press: ? - help, Q - select action, (/) - cycle Shift-Dir - straight line, f - boulder beetle
Aim: a boulder beetle (moderately wounded, haloed, 100% to hit)
The puff of flame hits the boulder beetle but does no damage.
The boulder beetle is moderately wounded.
The boulder beetle bites you.
* * * LOW HITPOINT WARNING * * *
The boulder beetle bites you but does no damage.
You hit the boulder beetle but do no damage.
The boulder beetle is moderately wounded.
The boulder beetle bites you but does no damage.
You hit the boulder beetle but do no damage.
The boulder beetle is moderately wounded.
The boulder beetle bites you.
* * * LOW HITPOINT WARNING * * *
The boulder beetle leaps!
The boulder beetle is attracted toward you.
Aiming: Throw Flame
Press: ? - help, Q - select action, (/) - cycle Shift-Dir - straight line, f/p - boulder beetle
Aim: a boulder beetle (translocational energy, lightly wounded, haloed, 100% to hit)
The puff of flame hits the boulder beetle!
The boulder beetle is moderately wounded.
It was a potion of invisibility.
You become transparent, but the glow from your halo prevents you from becoming completely invisible.
The boulder beetle bites you but does no damage.
The boulder beetle bites you!
* * * LOW HITPOINT WARNING * * *
It was a potion of haste.
You feel yourself speed up.
The boulder beetle bites you but does no damage.
The boulder beetle bites you!
You die...

#... ....# #... #....
....# #... #....
....# #... #....
....# #... +...#
....# #...
#...##....##. #..[
#............ #...
##...B........ #...
#...♣......... #...
#...†......#######...
#....#######.........
#....#...............
#....'...............
#....#...............
#....#...............
#....#...............
#....#...............


You could see a boulder beetle.

Vanquished Creatures
  Pikel (D:7)
  A black bear (D:6)
  An ice beast (D:5)
  2 centaurs
  4 lemures (D:7)
  2 phantoms
  A kobold brigand (D:7)
  A bullfrog (D:6)
  A scorpion (D:4)
  5 hounds
  2 orc priests
  A gnoll bouda (D:7)
  3 iguanas
  3 jellies
  5 orc wizards
  8 mummies (Ossuary)
  12 gnolls
  4 adders
  2 ufetubi (D:6)
  2 ribbon worms
  10 orcs
  2 ball pythons
  4 bats
  6 endoplasms
  2 giant cockroaches
  6 goblins
  A hobgoblin (D:2)
  7 jackals
  2 quokkas
  A frilled lizard (D:2)
  2 gnoll zombies (Ossuary)
  2 hobgoblin zombies (Ossuary)
  8 kobolds
  A kobold zombie (Ossuary)
  3 orc zombies (Ossuary)
  2 rats (D:2)
120 creatures vanquished.

Notes
Turn   | Place    | Note
-------+----------+-------------------------------------------
     0 | D:1      | Asfel the Demonspawn Berserker began the quest for the Orb.
     0 | D:1      | Reached XP level 1. HP: 18/18 MP: 1/1
   273 | D:1      | Discovered your monstrous ancestry.
   273 | D:1      | Gained mutation: You have large cloven feet. [demonic
                  | ancestry]
   273 | D:1      | Reached XP level 2. HP: 13/24 MP: 2/2
   395 | D:1      | Reached skill level 3 in Axes
  1135 | D:2      | Gained mutation: Your touch may inflict minor irresistible
                  | damage on your foes. [demonic ancestry]
  1135 | D:2      | Reached XP level 3. HP: 11/29 MP: 3/3
  1295 | D:2      | Gained mutation: You have a pair of small horns on your
                  | head. [demonic ancestry]
  1295 | D:2      | Reached XP level 4. HP: 34/35 MP: 4/4
  1549 | D:2      | Found a faded altar of an unknown god.
  1733 | D:2      | Reached ** piety under Trog
  1764 | D:2      | You fall into a shaft and drop 2 floors!
  1982 | D:4      | Gained mutation: You regenerate magic rapidly. [demonic
                  | ancestry]
  1982 | D:4      | Reached XP level 5. HP: 31/41 MP: 5/5
  2095 | D:4      | Reached skill level 1 in Polearms
  2104 | D:4      | Reached skill level 4 in Axes
  2281 | D:4      | Found a sand-covered staircase.
  2286 | Ossuary  | Entered an ossuary
  2313 | Ossuary  | Gained mutation: You regenerate a little health from kills.
                  | [demonic ancestry]
  2313 | Ossuary  | Reached XP level 6. HP: 32/48 MP: 6/6
  2626 | D:4      | Found a broken altar of Ashenzari.
  3063 | D:5      | Entered Level 5 of the Dungeon
  3063 | D:5      | Found a staircase to the Ecumenical Temple.
  3106 | Temple   | Entered the Ecumenical Temple
  3364 | D:5      | Noticed an ice beast
  3376 | D:5      | Killed an ice beast
  3377 | D:5      | Reached skill level 5 in Axes
  3377 | D:5      | Gained mutation: When hurt, damage is shared between your
                  | health and your magic reserves. [demonic ancestry]
  3377 | D:5      | Reached XP level 7. HP: 55/55 MP: 7/7
  3498 | D:5      | Found Sidod's Overcharged Wands.
  4107 | D:6      | Reached skill level 6 in Axes
  4120 | D:6      | Reached XP level 8. HP: 53/61 MP: 8/8
  4226 | D:6      | Reached skill level 5 in Fighting
  4610 | D:7      | Noticed Pikel
  4631 | D:7      | Killed Pikel
  4632 | D:7      | Reached skill level 7 in Axes
  4632 | D:7      | Reached skill level 5 in Armour
  4768 | D:7      | Found an ornate altar of the Wu Jian Council.
  5051 | D:7      | Gained mutation: You have a pair of horns on your head.
                  | [demonic ancestry]
  5051 | D:7      | Reached XP level 9. HP: 65/69 MP: 9/9
  5075 | D:7      | Found a basalt altar of Yredelemnul.
  5143 | D:7      | Reached *** piety under Trog
  5220 | D:7      | Noticed a boulder beetle
  5241 | D:7      | HP: 3/69 [boulder beetle (8)]
  5247 | D:7      | Gained mutation: You sometimes lose your temper in combat.
                  | [potion of mutation]
  5247 | D:7      | Gained mutation: You have supernaturally acute eyesight.
                  | (SInv) [potion of mutation]
  5247 | D:7      | Gained mutation: Your spells are a little harder to cast,
                  | but a little more powerful. [potion of mutation]
  5247 | D:7      | Gained mutation: You expend magic power (3 MP) to
                  | strengthen your wands. [potion of mutation]
  5253 | D:7      | HP: 3/103 [boulder beetle (8)]
  5255 | D:7      | Mangled by a boulder beetle

Illustrated notes

Levels and vault maps discovered:
D:1:      psy_arrival_terrarium, layout_basic, dreamdust_princess_bridge,
          serial_park_tiny_pond
D:2:      layout_basic, shapermc_ecumenical_altar_totnotflames
D:4:      layout_basic, ashenzari_altar_1, enter_ossuary_5
D:5:      layout_loops_ring, nicolae_tso_swordbearing_angel,
          minmay_temple_entry_statues_pillars, nicolae_shop_overcharged_wands
D:6:      layout_cave_pools, chequers_serial_rivers_small_b, minivault_14
D:7:      layout_gridville, marbit_many_paths, overflow_temple_1_default,
          uniq_pikel, uniq_prince_ribbit1
Temple:   regret_index_temple_generic_petals

Skill      XL: |  1  2  3  4  5  6  7  8  9 |
---------------+----------------------------+-----
Axes           | 3 4 5 6 7 |  7.8
Armour         | 2 3 4 5 6 |  6.0
Dodging        | 2 |  2.3
Polearms       | 1 2 |  2.6
Fighting       | 4 5 |  5.7
Stealth        | |  0.1

Action                     |  1- 3 |  4- 6 |  7- 9 || total
---------------------------+-------+-------+-------++-------
  Melee: Hand axe          |    34 |   109 |   149 ||   292
         Kick              |     9 |    48 |    26 ||    83
         Halberd           |     9 |     2 |       ||    11
         Touch             |     1 |       |       ||     1
         Headbutt          |       |    22 |    39 ||    61
 Invoke: Berserk           |     1 |     2 |     4 ||     7
         Trog's Hand       |       |     3 |     7 ||    10
  Evoke: Wand              |       |       |     2 ||     2
    Use: Scroll            |       |     8 |     1 ||     9
         Potion            |       |     3 |     8 ||    11
 Armour: Plate armour      |    51 |   111 |   173 ||   335
         Skin              |       |       |     9 ||     9
  Dodge: Dodged            |    24 |    30 |    59 ||   113

Table legend: (Time is in decaauts)
 A = Elapsed time spent in this place.
 B = Non-inter-level travel time spent in this place.
 C = Inter-level travel time spent in this place.
 D = Time resting spent in this place.
 E = Time spent auto-exploring this place.
 F = Levels seen in this place.
 G = Mean time per level.
                   A        B        C        D        E       F      G
               +--------+--------+--------+--------+--------+-----+--------+
         Total |   5325 |   4586 |    739 |      0 |   3646 |   8 |  665.6 |
       Dungeon |   4853 |   4323 |    530 |      0 |   3484 |   6 |  808.8 |
        Temple |    212 |      3 |    209 |      0 |      0 |   1 |  212.0 |
       Ossuary |    259 |    259 |      0 |      0 |    162 |   1 |  259.0 |
               +--------+--------+--------+--------+--------+-----+--------+

Top non-repeatable levels by time:
     D:4: 1054 daAuts
     D:1: 964 daAuts
     D:2: 817 daAuts
     D:5: 774 daAuts
     D:7: 661 daAuts
     D:6: 581 daAuts
 Ossuary: 259 daAuts
  Temple: 212 daAuts
